 Dungeon Crawl Stone Soup version 0.22-a0-247-gbddf880 (webtiles) character file.

616 kitsunem the Twirler (level 7, -3/42 HPs)
             Began as a Gargoyle Gladiator on Feb 27, 2018.
             Slain by an ice beast (13 damage)
             ... on level 6 of the Dungeon.
             The game lasted 00:19:45 (2517 turns).

kitsunem the Twirler (Gargoyle Gladiator)           Turns: 2517, Time: 00:19:46

Health: -3/42      AC: 14    Str: 15 (17) XL:     7   Next: 45%
Magic:  7/7        EV: 11    Int:  8 (9)  God:
Gold:   187        SH:  0    Dex: 12 (13) Spells: 6/6 levels left

rFire    . . .     SeeInvis .   j - +2 dagger (holy)
rCold    . . .     Gourm    .   (no shield)
rNeg     + . .     Faith    .   y - +0 scale mail
rPois    ∞         Spirit   .   w - +0 helmet
rElec    +         Reflect  .   (no cloak)
rCorr    .         Harm     .   (no gloves)
MR       .....                  h - +0 pair of boots
Stlth    ..........             n - amulet of regeneration
HPRegen  0.54/turn              (no ring)
MPRegen  0.10/turn              (no ring)

@: no status effects
A: negative energy resistance 1, electricity resistance, unbreathing,
petrification resistance, rot immunity, AC +4
a: no special abilities


You were on level 6 of the Dungeon.
You were not hungry.

You visited 1 branch of the dungeon, and saw 6 of its levels.

You collected 187 gold pieces.

Inventory:

Hand Weapons
 a - a +0 quarterstaff
 e - a +0 shortbow
 j - a +2 dagger of holy wrath (weapon)
 q - a -1 hand axe
 x - a +0 arbalest
Missiles
 d - a throwing net
 t - 5 javelins (quivered)
 B - 8 arrows
Armour
 b - a +0 leather armour
 c - a +0 helmet
 h - a +0 pair of boots (worn)
 i - a +0 ring mail
 w - a +0 helmet (worn)
 y - a +0 scale mail (worn)
 A - a +0 robe
Jewellery
 n - an amulet of regeneration (around neck)
Wands
 p - a wand of digging (7)
 r - a wand of scattershot (5)
Scrolls
 g - 3 scrolls of remove curse
 k - a scroll of amnesia {unknown}
 l - a scroll of blinking {unknown}
 m - a scroll of teleportation {unknown}
 o - a scroll of immolation {unknown}
 v - a scroll of magic mapping {unknown}
Potions
 s - a potion of curing {unknown}
 u - a potion of agility {unknown}
 C - a potion of haste
Comestibles
 f - 3 rations


   Skills:
 + Level 3.8 Fighting
 + Level 0.6 Short Blades
 + Level 2.7 Axes
 + Level 4.4 Staves
 + Level 2.6 Throwing
 + Level 3.4 Armour
 + Level 3.6 Dodging
 + Level 0.6 Stealth


You had 6 spell levels left.
You didn't know any spells.

Dungeon Overview and Level Annotations

Branches:
Dungeon (6/15)
 Temple: D:4-7

Altars:
Gozag
Kikubaaqudgha
Nemelex Xobeh
Okawaru
Zin
The Shining One

Annotations:
D:6 2 transporters


Innate Abilities, Weirdness & Mutations

You are resistant to torment.
Your stone body is resilient. (AC +4)
You are immune to poison.
You resist negative energy. (rN+)
You are resistant to electric shocks. (rElec)
You can survive without breathing.
You are immune to petrification.
You are immune to rotting.


Message History

The ice beast hits you but does no damage.
You hit the ice beast.
The ice beast is heavily wounded.
The ice beast barely misses you.
You closely miss the ice beast.
The ice beast is heavily wounded.
The ice beast barely misses you.
You closely miss the ice beast.
The ice beast is heavily wounded.
The ice beast hits you. The ice beast freezes you!
* * * LOW HITPOINT WARNING * * *
You hit the ice beast but do no damage.
The ice beast is heavily wounded.
The ice beast hits you but does no damage.
You hit the ice beast.
The ice beast is heavily wounded.
The ice beast hits you.
* * * LOW HITPOINT WARNING * * *
The ice beast freezes you!
You die...

#### ..# ... #.#
#Y# #@### ...
#...# #.# ###.#
#.### #(# #...
#.# #..## #.#
#...# #
#.#######.###..##
.
#...............#
## #
#####.....####.##


You could see an ice beast.

Vanquished Creatures
  An ice beast (D:3)
  A sky beast (D:6)
  A centaur (D:6)
  A bullfrog (D:6)
  2 scorpions (D:4)
  A crimson imp (D:4)
  Ijyb (D:3)
  Robin (D:3)
  3 adders
  A howler monkey skeleton (D:4)
  An adder skeleton (D:5)
  2 worms
  2 dart slugs
  A leopard gecko (D:5)
  3 orcs
  A giant cockroach (D:1)
  18 goblins
  9 hobgoblins
  3 kobolds
  3 quokkas
  4 bats
  2 frilled lizards (D:2)
  A quokka zombie (D:5)
  12 rats
  2 withered plants (D:2)
77 creatures vanquished.

Notes
Turn   | Place    | Note
-------+----------+-------------------------------------------
     0 | D:1      | kitsunem the Gargoyle Gladiator began the quest for the Orb.
     0 | D:1      | Reached XP level 1. HP: 12/12 MP: 1/1
    93 | D:1      | Reached XP level 2. HP: 17/17 MP: 2/2
   209 | D:2      | Reached XP level 3. HP: 11/22 MP: 3/3
   216 | D:2      | Found an opulent altar of Gozag.
   233 | D:2      | Found an iron altar of Okawaru.
   245 | D:2      | Found a sparkling altar of Nemelex Xobeh.
   334 | D:2      | Found a glowing golden altar of the Shining One.
   372 | D:2      | Found a glowing silver altar of Zin.
   571 | D:2      | Found an ancient bone altar of Kikubaaqudgha.
   981 | D:3      | Reached skill level 4 in Staves
  1056 | D:3      | Noticed Robin
  1069 | D:3      | Reached XP level 4. HP: 26/27 MP: 4/4
  1088 | D:3      | Killed Robin
  1091 | D:3      | Reached skill level 1 in Armour
  1183 | D:3      | Noticed Ijyb
  1199 | D:3      | Killed Ijyb
  1289 | D:4      | Reached XP level 5. HP: 32/32 MP: 5/5
  1559 | D:4      | Reached skill level 1 in Axes
  1607 | D:4      | Noticed an ice beast
  1676 | D:3      | Killed an ice beast
  1676 | D:3      | Reached XP level 6. HP: 4/37 MP: 6/6
  1905 | D:5      | Entered Level 5 of the Dungeon
  2175 | D:6      | Found a transporter.
  2234 | D:6      | Reached XP level 7. HP: 11/42 MP: 7/7
  2272 | D:6      | Found a transporter.
  2517 | D:6      | Slain by an ice beast

Vault maps used:
D:1:      scummos_arrival_hexagon
D:2:      nicolae_tso_swordbearing_angel, kiku_gazebo_garden_becter,
          lemuel_crystal_altar, lemuel_doored_altar,
          nicolae_overflow_hidden_temple, kennysheep_flooded_box
D:3:      cheibrodos_old_hovel, lemuel_coloured_pillars_altar,
          hangedman_decor_clover_reticule, uniq_ijyb, uniq_robin
D:4:      temple_hall, first_ration
D:6:      gammafunk_steamed_eel, serial_shops, nicolae_shop_overgrown_old_shop,
          minmay_misc_feat_tiny, minmay_guarded_unrand_vampires_tooth

Skill      XL: |  1  2  3  4  5  6  7 |
---------------+----------------------+-----
Staves         | 4 |  4.4
Armour         | 1 2 3 |  3.4
Dodging        | 3 |  3.6
Fighting       | 3 |  3.8
Axes           | 1 2 |  2.7
Throwing       | 2 |  2.6
Short Blades   | |  0.6
Stealth        | |  0.6

Action                   |  1- 3 |  4- 6 |  7- 9 || total
-------------------------+-------+-------+-------++-------
Melee: Quarterstaff      |   145 |    70 |       ||   215
       Hand axe          |       |   259 |       ||   259
       Dagger            |       |    23 |    84 ||   107
Throw: Throwing net      |     4 |     7 |       ||    11
  Use: Potion            |     1 |     3 |     1 ||     5
       Scroll            |       |     4 |     1 ||     5
 Stab: Held in net/web   |       |     1 |       ||     1
  Eat: Ration            |       |     2 |       ||     2
Armor: Leather armour    |    29 |       |       ||    29
       Ring mail         |    48 |   219 |       ||   267
       Scale mail        |       |    47 |    83 ||   130
Dodge: Dodged            |   139 |   324 |    89 ||   552

Table legend:
 A = Spawn XP
 B = Non-spawn XP
 C = Spawn XP percentage of total XP
 D = Spawn monster count
 E = Non-spawn monster count
 F = Spawn count percentage of total count
 G = Total turns spent on level
                    A         B        C        D         E        F      G
               +---------+---------+-------+---------+---------+-------+---------
         Total |       0 |     880 |   0.0 |       0 |      75 |   0.0 |  2517
               +---------+---------+-------+---------+---------+-------+---------
           D:1 |       0 |      20 |   0.0 |       0 |      11 |   0.0 |   154
           D:2 |       0 |      38 |   0.0 |       0 |      17 |   0.0 |   766
           D:3 |       0 |     229 |   0.0 |       0 |      27 |   0.0 |   460
           D:4 |       0 |     237 |   0.0 |       0 |       8 |   0.0 |   525
           D:5 |       0 |      14 |   0.0 |       0 |       5 |   0.0 |   203
           D:6 |       0 |     342 |   0.0 |       0 |       7 |   0.0 |   409
               +---------+---------+-------+---------+---------+-------+---------
